Map: Prion Terraces

Players

matchfixer

  • Race: Zerg Zerg
  • League: Diamond

Miszu - Winner!

  • Race: Terran Terran
  • League: Master

VOD

Have the link to the VOD?

Description

Time

  • Played on: March 21, 2016, 4:21 p.m.
  • Length: 10:42
Show
View Real Time Build Order
Export as new Build Order

matchfixer Zerg 

Build Orders: Hatch First 

Get SALT Encoding   

  12  0:01  Drone  
  13  0:15  Overlord  
  13  0:20  Drone  
  14  0:37  Drone x3  
  17  0:49  Drone  
  18  0:56  Hatchery  
  17  1:01  Drone  
  18  1:17  Extractor  
  17  1:18  Spawning Pool  
  17  1:19  Drone  
  17  1:26  Drone  
  18  1:33  Drone  
  19  1:47  Overlord  
  19  2:05  Zergling x4  
  19  2:07  Queen  
  23  2:10  Queen  
  25  2:16  Drone x2  
  25  2:22  Drone  
  28  2:32  Spore Crawler  
  28  2:33  Drone x2  
  28  2:36  Spore Crawler  
  28  2:40  Spore Crawler  
  28  2:41  Drone x2  
  32  2:46  Spore Crawler  
  29  2:57  Queen  
  32  2:58  Metabolic Boost  
  32  3:00  Pneumatized Carapace  
  32  3:01  Overlord  
  32  3:03  Drone x3  
  35  3:07  Zergling x2  
  36  3:18  Overlord x2  
  36  3:23  Overlord  
  36  3:26  Overlord  
  36  3:27  Zergling x4  
  36  3:28  Zergling x2  
  36  3:30  Zergling x2  
  36  3:31  Zergling x2  
  36  3:33  Zergling x2  
  42  3:36  Zergling x2  
  39  3:48  Zergling x4  
  39  3:52  Zergling x2  
  39  3:53  Queen  
  41  3:59  Roach Warren, Zergling x2  
  41  4:05  Zergling x2  
  41  4:08  Zergling x2  
  40  4:13  Queen  
  40  4:15  Drone  
  43  4:19  Zergling x2  
  42  4:27  Zergling x2  
  42  4:29  Drone  
  40  4:38  Zergling x2  
  40  4:39  Drone  
  40  4:43  Roach  
  40  4:44  Roach x2  
  48  4:50  Roach  
  51  4:53  Roach  
  51  4:58  Roach  
  53  5:01  Lair  
  53  5:04  Drone x2  
  55  5:08  Roach  
  55  5:12  Hatchery  
  55  5:14  Drone x2  
  55  5:15  Drone  
  55  5:17  Drone  
  55  5:18  Drone  
  55  5:21  Extractor  
  59  5:27  Drone  
  59  5:28  Drone  
  60  5:29  Drone  
  60  5:35  Drone x3  
  64  5:40  Drone  
  64  5:41  Drone  
  64  5:42  Drone x2  
  68  5:44  Evolution Chamber  
  68  5:45  Evolution Chamber  
  68  5:47  Drone  
  67  5:57  Roach x2  
  71  6:04  Overlord  
  71  6:08  Overlord  
  71  6:12  Glial Reconstitution, Extractor  
  71  6:14  Extractor  
  71  6:15  Zergling x6  
  70  6:19  Zergling x6  
  70  6:22  Zergling x2  
  72  6:28  Zergling x4  
  72  6:31  Drone  
  75  6:34  Zerg Missile Weapons Level 1  
  75  6:37  Drone x2  
  75  6:38  Drone  
  75  6:39  Drone  
  79  6:40  Drone  
  79  6:43  Drone  
  80  6:50  Drone x2  
  77  6:55  Drone x2  
  77  6:57  Drone  
  80  7:01  Drone  
  80  7:02  Drone x2  
  80  7:05  Drone  
  83  7:09  Drone x3  
  83  7:10  Drone x2  
  87  7:16  Zerg Ground Armor Level 1  
  87  7:19  Roach x2  
  87  7:20  Drone  
  90  7:24  Hatchery  
  90  7:25  Infestation Pit  
  90  7:28  Extractor  
  90  7:29  Queen  
  89  7:30  Extractor, Roach x2  
  89  7:33  Overlord  
  89  7:35  Overlord  
  89  7:36  Overlord x2  
  92  7:37  Overseer  
  92  7:39  Ravager x5  
  97  7:47  Overlord x2  
  97  7:48  Overlord  
  97  7:49  Overlord  
  97  7:57  Overlord  
  97  7:59  Drone x6  
  97  8:00  Zergling x2  
  97  8:03  Pathogen Glands  
  97  8:04  Zergling x4  
  97  8:05  Zergling x2  
  107  8:12  Zergling x2  
  108  8:13  Zergling x8  
  108  8:16  Roach  
  108  8:19  Roach  
  118  8:20  Roach  
  118  8:23  Roach x2  
  118  8:26  Roach  
  117  8:32  Roach x2  
  117  8:33  Roach x2  
  120  8:36  Roach x2  
  120  8:39  Roach x2  
  114  8:42  Infestor x2  
  114  8:45  Zergling x4  
  114  8:48  Drone  
  110  8:55  Drone x4  
  114  8:56  Queen  
  114  8:57  Zergling x2  
  114  9:02  Zergling x4  
  119  9:12  Hive  
  119  9:16  Extractor, Zergling x14  
  125  9:17  Extractor  
  124  9:24  Drone  
  124  9:25  Drone  
  126  9:32  Zergling x2  
  127  9:38  Ravager  
  127  9:39  Ravager x2  
  127  9:44  Roach x4  
  127  9:45  Roach  
  140  9:46  Roach  
  140  9:49  Roach  
  140  9:50  Zergling x4  
  130  10:00  Roach  
  130  10:01  Roach x4  
  130  10:05  Ravager  
  130  10:06  Ravager  
  138  10:07  Overseer  
  138  10:10  Roach x3  
  138  10:12  Drone  
  138  10:13  Roach  
  144  10:21  Zergling x2  
  144  10:24  Zergling x4  
Show
View Real Time Build Order
Export as new Build Order

Miszu Terran - Winner!

Build Orders: MMM Bio 

Get SALT Encoding   

  12  0:01  SCV  
  13  0:13  SCV  
  14  0:17  Supply Depot  
  14  0:26  SCV  
  15  0:39  SCV  
  16  0:43  Barracks  
  16  0:45  Refinery  
  16  0:51  SCV  
  17  0:59  Barracks  
  17  1:04  SCV  
  18  1:14  Barracks  
  18  1:19  SCV  
  19  1:28  Refinery  
  19  1:30  Reaper  
  20  1:39  Supply Depot  
  20  1:47  Reaper  
  21  1:55  Orbital Command  
  21  2:01  Reaper  
  22  2:11  Supply Depot  
  22  2:14  Reaper  
  23  2:19  Marine  
  23  2:22  SCV  
  25  2:33  Reaper  
  26  2:37  Reaper  
  27  2:46  Reaper  
  27  2:54  SCV  
  28  3:06  Reaper, Command Center  
  28  3:07  SCV  
  30  3:24  Reaper x2  
  30  3:25  SCV  
  33  3:37  SCV  
  33  3:49  Reaper, SCV  
  35  3:56  Reaper  
  35  3:57  Command Center  
  35  4:02  SCV  
  35  4:14  SCV  
  37  4:22  Supply Depot  
  36  4:26  SCV  
  36  4:29  Barracks Reactor, Barracks Tech Lab  
  36  4:30  Barracks Tech Lab  
  36  4:32  Orbital Command  
  36  4:33  Factory  
  36  4:38  SCV  
  36  4:50  SCV  
  36  4:54  Marine x2  
  36  4:55  Stimpack, Combat Shields  
  36  4:58  SCV  
  39  5:02  SCV  
  40  5:10  Marine x2, SCV  
  40  5:11  Marine  
  40  5:12  Marine, Orbital Command  
  45  5:21  Starport, Factory Reactor  
  45  5:28  Marine x2  
  47  5:29  Marine x2, SCV  
  47  5:31  SCV  
  51  5:38  SCV  
  51  5:42  SCV  
  53  5:43  Refinery, SCV  
  53  5:44  Refinery  
  53  5:45  Marine  
  53  5:46  Marine  
  53  5:47  Marine  
  53  5:48  Marine  
  58  5:50  SCV  
  58  5:54  SCV  
  58  5:55  Supply Depot, SCV  
  61  6:03  Marine x2  
  63  6:05  Marine  
  63  6:06  Marine  
  63  6:09  Engineering Bay x2, Medivac  
  63  6:11  SCV x3  
  70  6:21  Marine x2  
  70  6:23  SCV x2  
  74  6:30  Supply Depot, Marine  
  74  6:31  Supply Depot, Marine  
  76  6:35  SCV x2  
  76  6:36  Orbital Command  
  76  6:37  Terran Infantry Weapons Level 1  
  76  6:38  Terran Infantry Armor Level 1  
  77  6:44  Barracks  
  77  6:45  Barracks  
  75  6:55  Marine  
  75  6:56  Marine x3  
  77  7:11  Medivac  
  77  7:12  Medivac  
  77  7:13  Marine x4  
  77  7:14  SCV x2  
  85  7:18  SCV  
  86  7:26  SCV x2  
  86  7:27  Supply Depot, Armory  
  88  7:30  Supply Depot  
  88  7:31  Marine x4, SCV  
  88  7:34  Bunker  
  88  7:36  Supply Depot  
  93  7:37  Barracks Reactor x2  
  93  7:38  SCV  
  93  7:40  SCV  
  93  7:43  SCV, Factory Tech Lab  
  96  7:44  Medivac  
  96  7:50  Marauder, SCV  
  101  7:52  Marine x2, Marauder, SCV  
  101  7:53  Supply Depot  
  106  8:06  Siege Tank  
  106  8:08  SCV x2  
  106  8:09  Refinery  
  106  8:10  Factory, Marine x2  
  106  8:11  Supply Depot, Refinery, Marauder  
  115  8:13  Marauder  
  115  8:16  Supply Depot, Marine  
  118  8:32  Marauder  
  118  8:33  Marine x4  
  118  8:34  Marine  
  118  8:35  Marauder  
  118  8:40  Marine, Siege Tank  
  118  8:41  Medivac x2  
  122  8:52  Marine x5  
  122  8:54  Marauder  
  129  8:56  Marauder  
  129  8:58  Marine, Factory Tech Lab  
  129  8:59  Concussive Shells  
  132  9:07  Supply Depot x2  
  132  9:09  Supply Depot  
  132  9:10  Marine x3, Reaper  
  132  9:11  Medivac  
  132  9:15  Marauder  
  140  9:17  Marauder  
  142  9:24  Marine  
  142  9:25  Marine  
  142  9:26  Siege Tank  
  142  9:29  Siege Tank  
  150  9:36  Supply Depot, Marauder  
  150  9:37  Supply Depot x2, Command Center  
  152  9:39  Marine, Marauder  
  155  9:49  Marine x5  
  160  9:57  Marine  
  160  9:58  Marauder  
  152  10:00  Marauder  
  152  10:05  Siege Tank x2  
  152  10:06  Medivac  
  152  10:07  Marine x5  
  163  10:15  Marine  
  163  10:19  Marauder  
Tags
 
Add a new tag
Caveats
  • Supply blocks, unpowered buildings, or Contaminate may cause inaccurate times.
  • Supply counts are checked every 10 seconds.